 Dungeon Crawl Stone Soup version 0.29.0-13-gc9e81de378 (webtiles) character file.

Game seed: 11441420822920256850

200 NinjaNoafa the Gusty (level 5, -7/38 HPs)
             Began as a Draconian Air Elementalist on Sept 8, 2022.
             Mangled by an ogre
             ... wielding a +0 giant club
              (34 damage)
             ... on level 4 of the Dungeon.
             The game lasted 00:05:41 (4305 turns).

NinjaNoafa the Gusty (Draconian Air Elementalist)   Turns: 4305, Time: 00:05:42

Health: -7/38      AC:  5    Str:  7 (10) XL:     5   Next: 48%
Magic:  5/9        EV: 11    Int: 17 (18) God:
Gold:   118        SH:  0    Dex:  8 (11) Spells: 7/10 levels left

rFire   . . .      SeeInvis .   i - +2 dagger (speed)
rCold   . . .      Faith    .   (no shield)
rNeg    + . .      Spirit   .   (body armour unavailable)
rPois   .          Reflect  .   (helmet restricted)
rElec   .          Harm     .   (no cloak)
rCorr   .          Rampage  .   (no gloves)
Will    .....                   (no boots)
Stlth   ..........              (no amulet)
HPRegen 0.12/turn               f - ring of positive energy
MPRegen 0.11/turn               (no ring)

@: silenced, flying
A: AC +5, unfitting armour, cold-blooded
a: no special abilities


You were on level 4 of the Dungeon.
You visited 1 branch of the dungeon, and saw 4 of its levels.

You collected 118 gold pieces.

Inventory:

Hand Weapons
 i - a +2 dagger of speed (weapon)
Missiles
 d - 35 stones
 r - 5 poisoned darts
Jewellery
 f - a ring of positive energy (left hand)
 p - a ring of poison resistance
Scrolls
 c - a scroll of silence
 e - 4 scrolls of enchant armour {unknown}
 j - 4 scrolls of identify {unknown}
 l - a scroll of fear {unknown}
 n - a scroll of acquirement {unknown}
 o - a scroll of magic mapping {unknown}
 q - 2 scrolls of teleportation {unknown}
 s - 2 scrolls of enchant weapon {unknown}
 t - a scroll of summoning {unknown}
 u - a scroll of torment {unknown}
 v - 2 scrolls of blinking {unknown}
Potions
 a - a potion of degeneration
 b - a potion of flight
 g - a potion of mutation {unknown}
 h - 3 potions of heal wounds {unknown}
 k - a potion of might {unknown}
 m - a potion of curing {unknown}
 w - a potion of lignification {unknown}


   Skills:
 - Level 1.7 Dodging
 - Level 1.7 Stealth
 - Level 3.0 Spellcasting
 + Level 3.4 Conjurations
 + Level 4.5 Air Magic


You had 7 spell levels left.
You knew the following spells:

 Your Spells              Type           Power      Damage    Failure   Level
a - Shock                 Conj/Air       64%        1d7       3%          1
b - Static Discharge      Conj/Air       16%        3-5/arc   4%          2

Your spell library contained the following spells:

 Spells                   Type           Power      Damage    Failure   Level
 Swiftness                Air            18%        N/A       9%          3
 Freeze                   Ice            8%         1d3       17%         1
 Sandblast                Erth           4%         2d4       17%         1
 Passwall                 Tmut/Erth      1%         N/A       26%         2
 Stone Arrow              Conj/Erth      16%        3d8       26%         3
 Airstrike                Air            9%         2d(2-18)  26%         4
 Frozen Ramparts          Ice            4%         1d1       45%         3
 Hailstorm                Conj/Ice       8%         3d4       65%         4


Dungeon Overview and Level Annotations

Branches:
Dungeon (4/15)
 Temple: D:4-7

Altars:

Annotations:
D:3 1 runed translucent door, Thoth777's ghost, amateur FoFi


Innate Abilities, Weirdness & Mutations

Your plain brown scales are hard. (AC +5)
You cannot fit into any form of body armour.
You are cold-blooded and may be slowed by cold attacks.


Message History

The giant cockroach is lightly wounded.
The zap misses the quokka.
The zap hits the endoplasm!
You kill the endoplasm!
The zap misses the quokka.
The zap hits the giant cockroach but does no damage.
The giant cockroach is lightly wounded.
The zap misses the quokka.
The zap misses the giant cockroach.
The quokka bites you.
The zap hits the quokka.
The quokka is moderately wounded.
The zap misses the giant cockroach.
The quokka bites you but does no damage.
The quokka closely misses you.
Casting: Shock (safe; 3% risk of failure)
Confirm with . or Enter, or press ? or * to list all spells.
The quokka is struck by an arc of lightning!
You kill the quokka!
The giant cockroach is struck by an arc of lightning.
You kill the giant cockroach!
Unknown command.
Found 13 gold pieces.
HP restored.
An ogre comes into view. It is wielding a +0 giant club.
Found 11 gold pieces.
The ogre shouts!
It was a potion of degeneration.
There was something very wrong with that liquid.
You feel weakened.
You feel dopey.
You feel clumsy. The ogre attacks as you move away!
The ogre closely misses you.
Okay, then.
As you read the scroll labelled SIDDIU XANEPRU, it crumbles to dust.
A profound silence engulfs you.
It was a scroll of silence.
The ogre hits you with a +0 giant club!
It was a potion of flight.
You feel very buoyant.
You fly up into the air.
The ogre attacks as you move away!
The ogre hits you with a +0 giant club!!
Ouch! That really hurt!
You die...

.. #..# # ##.# #..# .#
#$#...# #..# .# #......
##..# .# #.....$ ...#
.# #......####..# .#
#............# .#
####.#####...###.#.####
#.# #....O@.......
####.#####.#.####......
#....##.##.#... ..... .
#.......##### #### #.
#.†....###
#.###..........
#....##........
##.#.#####.####
#.........#


You could see an ogre.

Vanquished Creatures
  An orc wizard (D:3)
  Natasha (thrice) (D:2)
  An adder (D:2)
  2 worms
  2 dart slugs
  2 orcs (D:3)
  12 bats
  3 endoplasms
  3 giant cockroaches
  11 goblins
  4 hobgoblins
  2 jackals (D:1)
  3 quokkas
  10 ball pythons
  11 frilled lizards
  7 kobolds
  6 rats
83 creatures vanquished.

Vanquished Creatures (others)
  39 plants
39 creatures vanquished.

Grand Total: 122 creatures vanquished

Notes
Turn   | Place    | Note
-------+----------+-------------------------------------------
     0 | D:1      | NinjaNoafa the Draconian Air Elementalist began the quest
                  | for the Orb.
     0 | D:1      | Reached XP level 1. HP: 14/14 MP: 3/3
   167 | D:1      | Reached XP level 2. HP: 20/20 MP: 1/5
   924 | D:1      | Reached XP level 3. HP: 22/26 MP: 7/7
  1759 | D:2      | Noticed Natasha
  1764 | D:2      | Killed Natasha
  1765 | D:2      | Reached XP level 4. HP: 33/33 MP: 2/8
  1908 | D:2      | Found a faded altar of an unknown god.
  1917 | D:2      | Noticed Natasha
  1926 | D:2      | Killed Natasha
  2113 | D:2      | Noticed Natasha
  2123 | D:2      | Reached skill level 4 in Air Magic
  2127 | D:2      | Killed Natasha
  2397 | D:2      | Reached XP level 5. HP: 38/38 MP: 5/9
  2845 | D:3      | Learned a level 2 spell: Static Discharge
  3810 | D:3      | Found a runed translucent door.
  3816 | D:3      | Noticed Thoth777's ghost (amateur FoFi)
  4292 | D:4      | Noticed an ogre
  4305 | D:4      | Mangled by an ogre

Illustrated notes

Levels and vault maps discovered:
D:1:      wander_arrival_peaceful_grave, layout_loops_ring, minmay_lizard_pond
D:2:      layout_loops_corners, ebering_ecumenical_altar_abandoned, uniq_natasha
D:3:      layout_basic, hellmonk_ghost_happy_afterlife, serial_bayou,
          serial_bayou_shore_a, serial_bayou_lagoon_a, serial_bayou_pond_d,
          serial_bayou_pond_e, minmay_misc_feat_doors
D:4:      layout_loops_ring, mainiacjoe_overflow_concentric_impassable,
          serial_bayou_pond_c

Skill      XL: |  1  2  3  4 |
---------------+-------------+-----
Spellcasting   | 3 |  3.0
Conjurations   | 2 3 |  3.4
Air Magic      | 4 |  4.5
Dodging        | |  1.7
Stealth        | |  1.7

Action                   |  1- 3 |  4- 6 || total
-------------------------+-------+-------++-------
Melee: Short sword       |    31 |       ||    31
       Unarmed           |     2 |       ||     2
       Tailslap          |     3 |     3 ||     6
       Dagger            |    20 |    10 ||    30
 Cast: Shock             |    70 |    74 ||   144
       Static Discharge  |       |     7 ||     7
  Use: Potion            |       |     3 ||     3
       Scroll            |       |     1 ||     1
Armor: Skin              |    20 |    16 ||    36
Dodge: Dodged            |    48 |    25 ||    73
